 Dungeon Crawl Stone Soup version 0.24-a0-464-g6b2be6b8c7 (webtiles) character file.

Game seed: 14141861564161261315

75 forest the Sneak (level 4, -1/23 HPs)
             Began as a Spriggan Assassin on July 3, 2019.
             Slain by a quokka (3 damage)
             ... on level 3 of the Dungeon.
             The game lasted 00:03:59 (2043 turns).

forest the Sneak (Spriggan Assassin)                Turns: 2043, Time: 00:04:00

Health: -1/23      AC:  3    Str:  8    XL:     4   Next: 11%
Magic:  5/5        EV: 17    Int: 12    God:
Gold:   88         SH:  0    Dex: 17    Spells: 3/3 levels left

rFire    . . .     SeeInvis +   a - +2 dagger
rCold    . . .     Gourm    .   (shield restricted)
rNeg     . . .     Faith    .   b - +0 robe
rPois    .         Spirit   .   (helmet restricted)
rElec    .         Reflect  .   c - +0 cloak
rCorr    .         Harm     .   (gloves unavailable)
MR       .....                  (boots unavailable)
Stlth    ++++......             (no amulet)
HPRegen  0.07/turn              (no ring)
MPRegen  0.09/turn              (no ring)

@: very quick
A: very small, unfitting armour, see invisible, herbivore, speed 3, slow
metabolism 2
a: no special abilities


You were on level 3 of the Dungeon.
You were not hungry.

You visited 1 branch of the dungeon, and saw 3 of its levels.

You collected 88 gold pieces.

Inventory:

Hand Weapons
 a - a +2 dagger (weapon)
Missiles
 d - 8 poisoned darts (quivered)
 e - 2 curare-tipped darts
 g - 120 stones
 h - 3 datura-tipped darts
 k - 17 sling bullets
Armour
 b - a +0 robe (worn)
 c - a +0 cloak (worn)
Jewellery
 p - an uncursed ring of teleportation
Scrolls
 j - 2 scrolls of remove curse
 l - a scroll of magic mapping
 o - a scroll of teleportation
Potions
 i - a potion of brilliance {unknown}
 n - 3 potions of curing {unknown}
 q - a potion of might
Comestibles
 f - 8 rations


   Skills:
 + Level 1.7 Fighting
 + Level 2.8 Short Blades
 + Level 2.1 Throwing
 + Level 2.0 Dodging
 + Level 7.7 Stealth


You had 3 spell levels left.
You didn't know any spells.
Your spell library was empty.

Dungeon Overview and Level Annotations

Branches:
Dungeon (3/15)

Altars:
Cheibriados


Innate Abilities, Weirdness & Mutations

You are very small and have problems with some larger weapons.
You are too small for most types of armour.
You have supernaturally acute eyesight. (SInv)
You are a herbivore.
You cover ground extremely quickly.
You need to consume almost no food.


Message History

You hit the orc.
The orc is moderately wounded.
The quokka closely misses you. The orc closely misses you.
The quokka bites you but does no damage.
You hit the orc.
The orc is heavily wounded.
The quokka barely misses you. The orc misses you.
You hit the orc.
The orc is severely wounded.
The quokka barely misses you.
You barely miss the orc.
The orc is severely wounded.
The orc hits you with a +0 short sword!
* * * LOW HITPOINT WARNING * * *
The quokka bites you.
* * * LOW HITPOINT WARNING * * *
You hit the orc.
You kill the orc!
The quokka bites you.
You die...

*** *********.# *,,,,,,,,.#
*,****###.# *,*,,,..#.#
*,#,*##.#.#####
*,#.##).#.....#
*,#..r@.#.....#
#.####.รท......#
#......)......#
######......### #......#
##### #......# #....
***#######......#######....
*,,.........o......(.......
*,,......#......###***#....


You could see an orc and a quokka.

Vanquished Creatures
  Jessica (D:2)
  An ooze (D:2)
  A dart slug (D:2)
  A leopard gecko (D:3)
  2 orcs (D:3)
  2 giant cockroaches (D:2)
  2 goblins (D:1)
  8 hobgoblins
  A quokka (D:2)
  7 bats
  5 frilled lizards
  3 kobolds
  7 rats
41 creatures vanquished.

Notes
Turn   | Place    | Note
-------+----------+-------------------------------------------
     0 | D:1      | forest the Spriggan Assassin began the quest for the Orb.
     0 | D:1      | Reached XP level 1. HP: 10/10 MP: 2/2
    10 | D:1      | You fall into a shaft and drop 1 floor!
    30 | D:2      | Reached skill level 6 in Stealth
   111 | D:2      | Noticed Jessica
   118 | D:2      | Killed Jessica
   118 | D:2      | Reached skill level 7 in Stealth
   118 | D:2      | Reached XP level 2. HP: 6/15 MP: 3/3
   118 | D:2      | Reached XP level 3. HP: 7/18 MP: 4/4
  1018 | D:2      | Found a snail-covered altar of Cheibriados.
  1744 | D:3      | Reached XP level 4. HP: 23/23 MP: 5/5
  2043 | D:3      | Slain by a quokka

Levels and vault maps discovered:
D:1:      roderic_chinese_lattice_arrival, layout_loops_ring,
          minmay_misc_feat_chi
D:2:      layout_basic, cheibriados_altar_1, uniq_jessica
D:3:      layout_basic, first_ration

Skill      XL: |  1  2  3  4 |
---------------+-------------+-----
Stealth        | 7 |  7.7
Dodging        | 2 |  2.0
Fighting       | |  1.7
Short Blades   | |  2.8
Throwing       | |  2.1

Action                   |  1- 3 |  4- 6 || total
-------------------------+-------+-------++-------
Melee: Dagger            |    86 |    22 ||   108
  Use: Potion            |     1 |       ||     1
       Scroll            |       |     3 ||     3
 Stab: Sleeping          |    16 |       ||    16
       Distracted        |     2 |       ||     2
Armor: Robe              |     6 |     3 ||     9
Dodge: Dodged            |    54 |    20 ||    74

Table legend:
 A = Non-vault XP
 B = Vault XP
 C = Vault XP percentage of total XP
 D = Non-vault monster count
 E = Vault monster count
 F = Vault count percentage of total count
                 A         B        C        D         E       F
            +---------+---------+-------+---------+---------+-------
      Total |      71 |      37 |  34.3 |      40 |       1 |   2.4
            +---------+---------+-------+---------+---------+-------
        D:1 |      21 |       0 |   0.0 |      16 |       0 |   0.0
        D:2 |      32 |      37 |  53.6 |      16 |       1 |   5.9
        D:3 |      18 |       0 |   0.0 |       8 |       0 |   0.0
            +---------+---------+-------+---------+---------+-------
